 Dungeon Crawl Stone Soup version 0.30.1-11-g7821555f0a (webtiles) character file.

Game seed: 16716023374986956555

105 AppTheSpectato the Fighter (level 4, -1/45 HPs)
             Began as a Gnoll Wanderer on Nov 2, 2023.
             Slain by Ijyb
             ... wielding a +0 dagger
              (3 damage)
             ... on level 3 of the Dungeon on Nov 3, 2023.
             The game lasted 00:03:19 (1416 turns).

AppTheSpectato the Fighter (Gnoll Wanderer)         Turns: 1416, Time: 00:03:19

Health: -1/45      AC:  3    Str:  7    XL:     4   Next: 83%
Magic:  11/11      EV: 12    Int: 13    God:
Gold:   135        SH:  0    Dex: 16    Spells: 12/13 levels left

rFire   . . .        d - +2 sling (freeze)
rCold   . . .        (no shield)
rNeg    . . .        c - +0 robe
rPois   .            (no helmet)
rElec   .            (no cloak)
rCorr   .            e - +0 pair of gloves
SInv    .            (no boots)
Will    .....        (no amulet)
Stlth   ++           (no ring)
HPRegen 0.27/turn    (no ring)
MPRegen 0.12/turn

%: no passive effects
@: no status effects
A: fangs 1, strong nose, distributed training
a: no special abilities


You were on level 3 of the Dungeon.
You visited 1 branch of the dungeon, and saw 3 of its levels.

You collected 135 gold pieces.

Inventory:

Hand Weapons
 a - a +1 short sword
 d - a +2 sling of freezing (weapon)
Armour
 c - a +0 robe (worn)
 e - a +0 pair of gloves (worn)
Jewellery
 m - a ring of ice
Scrolls
 b - a scroll of fear
 g - a scroll of amnesia {unknown}
 h - a scroll of blinking {unknown}
 i - a scroll of teleportation {unknown}
 j - a scroll of torment {unknown}
 l - a scroll of enchant weapon {unknown}
 o - a scroll of identify {unknown}
Potions
 f - 2 potions of berserk rage {unknown}
 k - a potion of curing {unknown}
 n - a potion of magic {unknown}
 p - a potion of attraction {unknown}


   Skills:
 + Level 8.6 Fighting
 + Level 4.7 Short Blades
 + Level 1.3 Long Blades
 + Level 1.3 Axes
 + Level 1.3 Maces & Flails
 + Level 1.3 Polearms
 + Level 1.3 Staves
 + Level 1.3 Ranged Weapons
 + Level 1.3 Throwing
 + Level 1.3 Armour
 + Level 1.3 Dodging
 + Level 1.3 Stealth
 + Level 1.3 Shields
 + Level 1.3 Unarmed Combat
 + Level 5.1 Spellcasting
 + Level 1.0 Conjurations
 + Level 1.0 Hexes
 + Level 1.0 Summonings
 + Level 1.0 Necromancy
 + Level 1.0 Translocations
 + Level 1.0 Transmutations
 + Level 3.9 Fire Magic
 + Level 1.0 Ice Magic
 + Level 1.0 Air Magic
 + Level 1.0 Earth Magic
 + Level 1.0 Poison Magic
 + Level 1.4 Invocations
 + Level 1.3 Evocations


You had 12 spell levels left.
You knew the following spells:

 Your Spells              Type           Power      Damage    Failure   Level
a - Foxfire               Conj/Fire      36%        2x1d5     7%          1

Your spell library contained the following spells:

 Spells                   Type           Power      Damage    Failure   Level
 Inner Flame              Hex/Fire       9%         N/A       21%         3
 Ignite Poison            Fire/Tmut/Pois 8%         N/A       24%         3


Dungeon Overview and Level Annotations

Branches:
Dungeon (3/15)

Altars:

Annotations:
D:3 Ijyb


Innate Abilities, Weirdness & Mutations

You have very sharp teeth.
Your uncanny sense of smell can sniff out nearby items.
Your experience applies equally to all skills.


Message History

Ijyb closely misses you.
Ijyb zaps a wand.
Your mind is blasted!
You shoot a sling bullet.
The sling bullet completely misses Ijyb.
Ijyb closely misses you.
You shoot a sling bullet. The sling bullet closely misses Ijyb.
Ijyb closely misses you.
You shoot a sling bullet. The sling bullet barely misses Ijyb.
Ijyb hits you with a +0 dagger. Ijyb barely misses you.
You shoot a sling bullet.
The sling bullet hits Ijyb but does no damage.
Ijyb is moderately wounded.
Ijyb closely misses you.
You shoot a sling bullet. The sling bullet hits Ijyb!
The sling bullet freezes Ijyb.
Ijyb is severely wounded.
Ijyb zaps a wand.
Your mind is blasted!
You shoot a sling bullet. The sling bullet closely misses Ijyb.
Ijyb barely misses you.
Ijyb zaps a wand.
You barely resist. You shoot a sling bullet.
The sling bullet hits Ijyb but does no damage.
Ijyb is severely wounded.
Ijyb hits you with a +0 dagger.
You shoot a sling bullet. The sling bullet hits Ijyb.
Ijyb is almost dead.
Ijyb hits you but does no damage.
You shoot a sling bullet.
The sling bullet completely misses Ijyb.
Ijyb closely misses you. Ijyb hits you but does no damage.
You shoot a sling bullet. The sling bullet closely misses Ijyb.
Ijyb closely misses you.
You shoot a sling bullet. The sling bullet misses Ijyb.
Ijyb zaps a wand.
Your mind is blasted!
* * * LOW HITPOINT WARNING * * *
You shoot a sling bullet. The sling bullet barely misses Ijyb.
Ijyb misses you.
Ijyb screams, "It's all mine!"
Ijyb hits you with a +0 dagger.
* * * LOW HITPOINT WARNING * * *
You shoot a sling bullet. The sling bullet barely misses Ijyb.
Ijyb hits you with a +0 dagger.
You die...

#... #. #. #... ##..# #.#
#... ...###.# ...
#####...##.# ..
##..........# #.
##...##...#..#
##.#.##.#.#.##.##..####
#....g@†..>............
....(#.##.#.#...[........
### #. ##...#.####..#...
#. ##.##.# #..#.## #.
#.##.# #..#.## #. #.##.#
#..#.## #. #..... ...#.##
.# ..>... ..<.#... ####.#
##.#####


You could see Ijyb.

Vanquished Creatures
  A howler monkey (D:3)
  An adder (D:2)
  A dart slug (D:2)
  7 bats
  5 endoplasms
  A giant cockroach (D:2)
  6 goblins
  A hobgoblin (D:1)
  4 jackals (D:2)
  4 quokkas
  9 ball pythons
  5 kobolds
  6 rats
51 creatures vanquished.

Notes
Turn   | Place    | Note
-------+----------+-------------------------------------------
     0 | D:1      | AppTheSpectato the Gnoll Wanderer began the quest for the
                  | Orb.
     0 | D:1      | AppTheSpectato set off with the following items: a +1 short
                  | sword, a scroll of fear, a +0 robe; and the following spell
                  | memorised: Foxfire; and the following spells available to
                  | memorise: Inner Flame, Ignite Poison.
     0 | D:1      | Reached XP level 1. HP: 26/26 MP: 6/6
   180 | D:1      | Reached XP level 2. HP: 33/33 MP: 7/7
   841 | D:2      | Reached skill level 5 in Spellcasting
   841 | D:2      | Reached XP level 3. HP: 38/38 MP: 7/9
   911 | D:2      | Reached skill level 1 in Invocations
   931 | D:2      | Reached skill level 1 in Long Blades
   931 | D:2      | Reached skill level 1 in Axes
   931 | D:2      | Reached skill level 1 in Maces & Flails
   931 | D:2      | Reached skill level 1 in Polearms
   931 | D:2      | Reached skill level 1 in Staves
   931 | D:2      | Reached skill level 1 in Ranged Weapons
   931 | D:2      | Reached skill level 1 in Throwing
   931 | D:2      | Reached skill level 1 in Armour
   931 | D:2      | Reached skill level 1 in Dodging
   931 | D:2      | Reached skill level 1 in Stealth
   931 | D:2      | Reached skill level 1 in Shields
   931 | D:2      | Reached skill level 1 in Unarmed Combat
   931 | D:2      | Reached skill level 1 in Evocations
  1109 | D:2      | Reached XP level 4. HP: 45/45 MP: 11/11
  1355 | D:3      | Reached skill level 1 in Conjurations
  1355 | D:3      | Reached skill level 1 in Hexes
  1355 | D:3      | Reached skill level 1 in Summonings
  1355 | D:3      | Reached skill level 1 in Necromancy
  1355 | D:3      | Reached skill level 1 in Translocations
  1355 | D:3      | Reached skill level 1 in Transmutations
  1355 | D:3      | Reached skill level 1 in Ice Magic
  1355 | D:3      | Reached skill level 1 in Air Magic
  1355 | D:3      | Reached skill level 1 in Earth Magic
  1355 | D:3      | Reached skill level 1 in Poison Magic
  1394 | D:3      | Noticed Ijyb
  1415 | D:3      | HP: 2/45 [Ijyb/+0 dagger (3)]
  1416 | D:3      | Slain by Ijyb

Illustrated notes

Levels and vault maps discovered:
D:1:      saegor_arrival_simple_c, layout_basic
D:2:      layout_basic, nicolae_eternal_life
D:3:      layout_loops_ring, nicolae_overflow_hidden_temple, uniq_ijyb

Skill      XL: |  1  2  3  4 |
---------------+-------------+-----
Spellcasting   | 5 |  5.1
Invocations    | 1 |  1.4
Long Blades    | 1 |  1.3
Axes           | 1 |  1.3
Maces & Flails | 1 |  1.3
Polearms       | 1 |  1.3
Staves         | 1 |  1.3
Ranged Weapons | 1 |  1.3
Throwing       | 1 |  1.3
Armour         | 1 |  1.3
Dodging        | 1 |  1.3
Stealth        | 1 |  1.3
Shields        | 1 |  1.3
Unarmed Combat | 1 |  1.3
Evocations     | 1 |  1.3
Conjurations   | 1 |  1.0
Hexes          | 1 |  1.0
Summonings     | 1 |  1.0
Necromancy     | 1 |  1.0
Translocations | 1 |  1.0
Transmutations | 1 |  1.0
Ice Magic      | 1 |  1.0
Air Magic      | 1 |  1.0
Earth Magic    | 1 |  1.0
Poison Magic   | 1 |  1.0
Fighting       | |  8.6
Short Blades   | |  4.7
Fire Magic     | |  3.9

Action                     |  1- 3 |  4- 6 || total
---------------------------+-------+-------++-------
  Melee: Short sword       |     2 |       ||     2
   Fire: Sling             |    76 |    34 ||   110
 Armour: Robe              |     3 |     4 ||     7
  Dodge: Dodged            |    10 |    13 ||    23
